 Dungeon Crawl Stone Soup version 0.28-a0-998-gb9e9c7b67e (webtiles) character file.

Game seed: 5097901732665317570

53 oldriver the Conjurer (level 3, -3/26 HPs)
             Began as a Draconian Conjurer on Dec 5, 2021.
             Slain by Sigmund (7 damage)
             ... on level 2 of the Dungeon.
             The game lasted 00:03:11 (2006 turns).

oldriver the Conjurer (Draconian Conjurer)          Turns: 2006, Time: 00:03:11

Health: -3/26      AC:  5    Str:  9    XL:     3   Next: 62%
Magic:  0/7        EV: 12    Int: 20    God:
Gold:   86         SH:  0    Dex:  9    Spells: 5/8 levels left

rFire   . . .      SeeInvis .   b - +3 short sword
rCold   . . .      Faith    .   (no shield)
rNeg    . . .      Spirit   .   (armour unavailable)
rPois   .          Reflect  .   (helmet restricted)
rElec   .          Harm     .   (no cloak)
rCorr   .          Rampage  .   (no gloves)
Will    .....                   (no boots)
Stlth   ++........              (no amulet)
HPRegen 0.08/turn               (no ring)
MPRegen 0.10/turn               (no ring)

@: attractive
A: AC +5, unfitting armour, cold-blooded
a: no special abilities


You were on level 2 of the Dungeon.
You visited 1 branch of the dungeon, and saw 2 of its levels.

You collected 86 gold pieces.

Inventory:

Hand Weapons
 b - a +3 short sword (weapon)
Scrolls
 c - a scroll of identify {unknown}
Potions
 a - 2 potions of attraction


   Skills:
 + Level 0.2 Fighting
 - Level 1.7 Dodging
 - Level 1.8 Stealth
 - Level 0.8 Unarmed Combat
 * Level 3.2 Spellcasting
 - Level 4.2 Conjurations


You had 5 spell levels left.
You knew the following spells:

 Your Spells              Type           Power      Damage    Failure   Level
a - Magic Dart            Conj           80%        1d7       2%          1
b - Searing Ray           Conj           40%        2d5       3%          2

Your spell library contained the following spells:

 Spells                   Type           Power      Damage    Failure   Level
 Dazzling Flash           Conj/Hex       22%        N/A       17%         3
 Fulminant Prism          Conj/Hex       5%         3d7       50%         4
 Iskenderun's Mystic Bla  Conj/Tloc      11%        2d4       50%         4


Dungeon Overview and Level Annotations

Branches:
Dungeon (2/15)

Altars:

Annotations:
D:2 Sigmund


Innate Abilities, Weirdness & Mutations

Your plain brown scales are hard. (AC +5)
You cannot fit into any form of body armour.
You are cold-blooded and may be slowed by cold attacks.


Message History

(Press . to maintain the ray.) Sigmund barely misses you.
Without enough magic to sustain it, your searing ray dissipates.
It was a potion of attraction.
You feel attractive to monsters. Sigmund barely misses you.
Sigmund is attracted toward you.
You closely miss Sigmund.
Your tail-slap misses Sigmund.
Sigmund is severely wounded.
Sigmund barely misses you.
You hit Sigmund but do no damage.
Sigmund is severely wounded.
You barely miss Sigmund.
Your tail-slap misses Sigmund.
Sigmund is severely wounded.
Sigmund misses you.
You hit Sigmund.
Your tail-slap misses Sigmund.
Sigmund is almost dead.
Sigmund completely misses you.
You closely miss Sigmund.
Sigmund is almost dead.
Sigmund hits you with a +0 scythe.
Casting: Searing Ray (safe; 3% risk of failure)
Confirm with . or Enter, or press ? or * to list all spells.
Aiming: Magic Dart (safe; 2% risk of failure)
Press: ? - help, Shift-Dir - straight line, f/p - Sigmund
Aim: Sigmund, wielding a +0 scythe and wearing a +0 robe (almost dead, 100% to hit)
The magic dart hits Sigmund.
Sigmund is almost dead.
You barely miss Sigmund.
Sigmund is almost dead.
Sigmund casts a spell at you. The magic dart hits you!
* * * LOW HITPOINT WARNING * * *
Okay, then.
You hit Sigmund but do no damage.
Sigmund is almost dead.
Sigmund casts a spell.
Sigmund flickers and vanishes!
Deactivating autopickup; reactivate with Ctrl-A.
You barely miss something. Something hits you!
You die...

#.#...#.#
###.##.##.#
...........#
#.##.#####.#####
#.####......#
#.......###.#
######....# #
#.##.#.##
#...@{..#
##.#.##.# #.#.#
# # ..# ###


There were no monsters in sight!

Vanquished Creatures
  An adder (D:2)
  A worm (D:1)
  A dart slug (D:1)
  4 bats
  2 giant cockroaches (D:1)
  2 goblins (D:1)
  2 hobgoblins (D:1)
  3 jackals (D:1)
  6 kobolds
  A quokka (D:1)
  4 ball pythons
  5 frilled lizards
  5 rats (D:1)
37 creatures vanquished.

Notes
Turn   | Place    | Note
-------+----------+-------------------------------------------
     0 | D:1      | oldriver the Draconian Conjurer began the quest for the
                  | Orb.
     0 | D:1      | Reached XP level 1. HP: 14/14 MP: 3/3
   280 | D:1      | Reached XP level 2. HP: 18/20 MP: 0/5
  1193 | D:1      | Reached XP level 3. HP: 26/26 MP: 4/7
  1198 | D:1      | Learned a level 2 spell: Searing Ray
  1474 | D:2      | Noticed Sigmund
  2006 | D:2      | Slain by Sigmund

Illustrated notes

Levels and vault maps discovered:
D:1:      wheals_arrival_linesprint, layout_loops_ring, columned_hall_lemuel
D:2:      layout_loops_cross, ebering_ecumenical_altar_mist, uniq_sigmund,
          uniq_robin, uniq_jessica

Skill      XL: |  1  2  3 |
---------------+----------+-----
Spellcasting   | 3 |  3.2
Fighting       | |  0.2
Dodging        | |  1.7
Stealth        | |  1.8
Unarmed Combat | |  0.8
Conjurations   | |  4.2

Action                   || total
-------------------------++-------
Melee: Unarmed           ||    35
       Tailslap          ||     3
       Short sword       ||     8
 Cast: Magic Dart        ||    78
       Searing Ray       ||     3
  Use: Potion            ||     1
Armor: Skin              ||    26
Dodge: Dodged            ||    49

Table legend: (Time is in decaauts)
 A = Elapsed time spent in this place.
 B = Non-inter-level travel time spent in this place.
 C = Inter-level travel time spent in this place.
 D = Time resting spent in this place.
 E = Time spent auto-exploring this place.
 F = Levels seen in this place.
 G = Mean time per level.
                   A        B        C        D        E       F      G
               +--------+--------+--------+--------+--------+-----+--------+
         Total |   2011 |   1860 |    151 |    384 |   1225 |   2 | 1005.5 |
       Dungeon |   2011 |   1860 |    151 |    384 |   1225 |   2 | 1005.5 |
               +--------+--------+--------+--------+--------+-----+--------+

Top non-repeatable levels by time:
     D:1: 1787 daAuts
     D:2: 224 daAuts
